 Dungeon Sprint DCSS version 0.28-a0-863-g8cecda6153 (webtiles) character file.

Game seed: 15251562984943939393

6820 emperorscorpion the Thaumaturge (level 11, -3/73 HPs)
             Began as a Djinni Air Elementalist on Nov 18, 2021.
             Was the Champion of Makhleb.
             Slain by an ettin (29 damage)
             ... in the Dungeon (Sprint IX: "|||||||||||||||||||||||||||||").
             The game lasted 00:07:12 (1282 turns).

emperorscorpion the Thaumaturge (DjAE)              Turns: 1282, Time: 00:07:13

Health: -3/73      AC:  8    Str:  7    XL:     11   Next: 25%
Gold:   23         EV: 18    Int: 20    God:    Makhleb [******] SH:  0 Dex: 14

rFire   + + .      SeeInvis .   i - +2 rapier (distort)
rCold   x . .      Faith    .   (no shield)
rNeg    . . .      Spirit   .   a - +0 robe
rPois   ∞          Reflect  .   k - +0 helmet
rElec   .          Harm     .   v - +0 cloak
rCorr   .          Rampage  .   (no gloves)
Will    +....      NoTele   +   (boots unavailable)
Stlth   ++........              (no amulet)
HPRegen 0.22/turn               m - +2 ring of evasion
MPRegen 0.00/turn               n - +2 ring of protection

@: flying
A: sickness immunity, fire resistance 2, cold vulnerability 1, float, innate
caster, hp casting, extra vitality 1
a: Renounce Religion, Minor Destruction, Lesser Servant of Makhleb, Major
Destruction, Greater Servant of Makhleb


You were in the Dungeon.
You worshipped Makhleb.
Makhleb was exalted by your worship.
You visited 1 branch You collected 23 gold pieces.

Inventory:

Hand Weapons
 c - a +0 shortbow
 g - a +1 short sword of venom
 i - a +2 rapier of distortion (weapon)
 j - a +2 scimitar of flaming
 u - a +1 long sword of holy wrath
Missiles
 h - 26 arrows
 q - 22 bolts
Armour
 a - a +0 robe (worn)
 k - a +0 helmet (worn)
 l - a +0 plate armour
 v - a +0 cloak (worn)
Jewellery
 m - a +2 ring of evasion (left hand)
 n - a +2 ring of protection (right hand)
Scrolls
 f - 2 scrolls of blinking
 r - 2 scrolls of identify
 s - 2 scrolls of fog
 t - 2 scrolls of fear
Potions
 b - 5 potions of curing
 d - 2 potions of haste
 e - 6 potions of heal wounds
 o - a potion of resistance
 p - a potion of brilliance


   Skills:
 + Level 4.1 Fighting
 + Level 7.0 Short Blades
 * Level 11.0 Armour
 + Level 8.8 Dodging
 - Level 1.8 Stealth
 + Level 13.3 Spellcasting
 * Level 10.8 Invocations
 + Level 5.7 Evocations


You had 12 spell levels left.
You knew the following spells:

 Your Spells              Type           Power      Damage    Failure   Level
a - Shock                 Conj/Air       100%       1d9       1%          1
b - Static Discharge      Conj/Air       61%        N/A       1%          2
c - Swiftness             Air            61%        N/A       1%          3
d - Airstrike             Air            30%        N/A       1%          4
e - Animate Skeleton      Necr           100%       N/A       1%          1
f - Ensorcelled Hibernat  Hex/Ice        100%       N/A       1%          2
g - Vampiric Draining     Necr           61%        2d10      1%          3
h - Summon Lightning Spi  Summ/Air       61%        N/A       1%          4
i - Fulminant Prism       Conj/Hex       30%        3d16      1%          4
Your spell library was empty.

Dungeon Overview and Level Annotations

Branches:
Dungeon (1/1)

Altars:
Cheibriados
Dithmenos
Elyvilon
Fedhas
Gozag
Hepliaklqana
Kikubaaqudgha
Makhleb
Nemelex Xobeh
Okawaru
Qazlal
Ru
Sif Muna
Trog
Uskayaw
Vehumet
Wu Jian
Xom
Yredelemnul
Zin
The Shining One
Beogh
Jiyva
Lugonu


Innate Abilities, Weirdness & Mutations

You are immune to sickness and miasma.
You are immune to poison.
Your flesh is very heat resistant. (rF++)
You are vulnerable to cold. (rC-)
You float through the air rather than walking.
You learn spells naturally, not from books.
Your magical power is your life essence.
You have superior vitality. (+4 HP)


Message History

You see here a +1 long sword of holy wrath.
u - a +1 long sword of holy wrath You start resting.
HP restored.
You reach down and open the door.
Found 9 gold pieces, two +0 helmets, a +0 cloak and a +0 pair of boots.
There is an open door here.
You now have 23 gold pieces (gained 9).
You see here a +0 helmet.
Okay, then.
Okay, then.
You see here a +0 cloak.
v - a +0 cloak You start putting on your armour.
You continue putting on your +0 cloak. x4
You finish putting on your +0 cloak.
You see here a +0 pair of boots.
You see here a +0 helmet.
You reach down and open the door.
There is an open door here.
You reach down and open the door. 5 orcs and an ettin come into view.
The orc wizard is wielding a +2 dagger of venom.
The orc priest shouts!
The ettin shouts in stereo!
The orc wizard shouts!
The orc shouts!
The orc priest shouts!
The orc warrior shouts!
The orc priest begins to cast a cantrip, but forgets the words!
You hear a shout! x2
Found 300 gold pieces.
The orc priest invokes the aid of Beogh against you.
Beogh smites you!
You hear a shout!
Casting: Static Discharge (safe; 1% risk of failure)
Confirm with . or Enter, or press ? or * to list all spells.
Okay, then.
The orc priest invokes the aid of Beogh against you.
Beogh smites you!
Casting: Static Discharge (safe; 1% risk of failure)
Confirm with . or Enter, or press ? or * to list all spells.
An electric hum fills the air.
The ettin hits you with a +0 dire flail!! x2
You die...

▓.▓.▓.▓.▓.▓
▓.▓.▓.▓.▓.▓
▓.▓.▓'▓.▓†▓
▓.▓.▓.▓.▓(▓
▓o▓.▓.▓.▓†▓
▓.▓.▓.▓.▓'▓
▓o▓.▓.▓.▓.▓
▓.▓8▓.▓.▓.▓
▓.▓@▓.▓.▓.▓
▓.C.▓...▓<▓
▓▓▓▓▓▓▓▓▓▓▓


You could see an ettin (ally target) and a friendly lightning spire (summoned).

Vanquished Creatures
  A centaur warrior (D)
  A boulder beetle (D)
  An ugly thing (D)
  A black mamba (D)
  5 cane toads (D)
  An unseen horror (D)
  4 polar bears (D)
  A blink frog (D)
  A hornet (D)
  2 wraiths (D)
  2 yaks (D)
  A basilisk (D)
  A vampire mosquito (D)
  2 water moccasins (D)
  An orc warrior (D)
  5 black bears (D)
  5 bullfrogs (D)
  2 hounds (D)
  An orc wizard (D)
  An adder (D)
  A dart slug (D)
  A bat (D)
  2 bat zombies (D)
  A ball python zombie (D)
  A frilled lizard (D)
  A jackal zombie (D)
  A kobold (D)
  A rat (D)
48 creatures vanquished.

Notes
Turn   | Place    | Note
-------+----------+-------------------------------------------
     0 | D        | emperorscorpion the Djinni Air Elementalist began the quest
                  | for the Orb.
     0 | D        | Reached XP level 1. HP: 15/15 MP: 0/0
     5 | D        | Reached skill level 3 in Spellcasting
     8 | D        | Reached XP level 2. HP: 15/21 MP: 0/0
    91 | D        | Reached skill level 1 in Armour
    91 | D        | Reached skill level 4 in Spellcasting
    91 | D        | Reached skill level 1 in Invocations
    91 | D        | Reached XP level 3. HP: 25/25 MP: 0/0
    91 | D        | Learned a level 1 spell: Animate Skeleton
    95 | D        | Reached skill level 1 in Short Blades
    95 | D        | Reached skill level 5 in Spellcasting
    95 | D        | Reached XP level 4. HP: 28/31 MP: 0/0
   101 | D        | Reached XP level 5. HP: 27/36 MP: 0/0
   101 | D        | Learned a level 2 spell: Ensorcelled Hibernation
   109 | D        | Found a snail-covered altar of Cheibriados.
   109 | D        | Found a shadowy altar of Dithmenos.
   109 | D        | Found a white marble altar of Elyvilon.
   109 | D        | Found a blossoming altar of Fedhas.
   109 | D        | Found an opulent altar of Gozag.
   110 | D        | Found a hazy altar of Hepliaklqana.
   111 | D        | Found a viscous altar of Jiyva.
   113 | D        | Found a corrupted altar of Lugonu.
   114 | D        | Found a burning altar of Makhleb.
   115 | D        | Found a sparkling altar of Nemelex Xobeh.
   116 | D        | Found an iron altar of Okawaru.
   117 | D        | Found a stormy altar of Qazlal.
   118 | D        | Found a sacrificial altar of Ru.
   120 | D        | Found a bloodstained altar of Trog.
   121 | D        | Found a hide-covered altar of Uskayaw.
   122 | D        | Became a worshipper of Makhleb the Destroyer
   124 | D        | Found an ornate altar of the Wu Jian Council.
   125 | D        | Found a shimmering altar of Xom.
   126 | D        | Found a basalt altar of Yredelemnul.
   127 | D        | Found a glowing silver altar of Zin.
   128 | D        | Found a glowing golden altar of the Shining One.
   245 | D        | Noticed a wraith
   245 | D        | Noticed a hornet
   245 | D        | Noticed an orc warrior
   264 | D        | Killed a hornet
   265 | D        | Reached skill level 1 in Fighting
   265 | D        | Reached skill level 5 in Dodging
   265 | D        | Reached skill level 7 in Spellcasting
   265 | D        | Reached skill level 1 in Evocations
   265 | D        | Reached XP level 6. HP: 39/42 MP: 0/0
   265 | D        | Killed an orc warrior
   265 | D        | Reached * piety under Makhleb
   266 | D        | Reached skill level 5 in Armour
   266 | D        | Reached skill level 5 in Invocations
   266 | D        | Reached XP level 7. HP: 40/47 MP: 0/0
   266 | D        | Learned a level 3 spell: Vampiric Draining
   273 | D        | Killed a wraith
   273 | D        | Reached ** piety under Makhleb
   274 | D        | Reached skill level 8 in Spellcasting
   396 | D        | Noticed a wraith
   396 | D        | Noticed a vampire mosquito
   396 | D        | Noticed a centaur warrior
   396 | D        | Noticed a boulder beetle
   396 | D        | Noticed a red ugly thing
   401 | D        | Killed a centaur warrior
   402 | D        | Reached skill level 9 in Spellcasting
   402 | D        | Reached XP level 8. HP: 54/54 MP: 0/0
   404 | D        | Killed a red ugly thing
   405 | D        | Reached skill level 10 in Spellcasting
   405 | D        | Reached XP level 9. HP: 59/59 MP: 0/0
   405 | D        | Learned a level 4 spell: Summon Lightning Spire
   409 | D        | Killed an unseen horror
   409 | D        | Reached *** piety under Makhleb
   410 | D        | Reached skill level 5 in Short Blades
   416 | D        | Killed a boulder beetle
   417 | D        | Reached skill level 11 in Spellcasting
   676 | D        | Noticed a cane toad
   677 | D        | Noticed a cane toad
   680 | D        | Noticed a blink frog
   682 | D        | Noticed a cane toad
   683 | D        | Reached **** piety under Makhleb
   684 | D        | Reached XP level 10. HP: 50/66 MP: 0/0
   691 | D        | Killed a cane toad
   692 | D        | Killed a cane toad
   692 | D        | Reached ***** piety under Makhleb
   696 | D        | Killed a cane toad
   697 | D        | Reached skill level 5 in Evocations
   700 | D        | Reached skill level 10 in Armour
   700 | D        | Reached skill level 12 in Spellcasting
   864 | D        | Noticed a cane toad
   864 | D        | Noticed a cane toad
   868 | D        | Noticed a black mamba
   874 | D        | Reached skill level 10 in Invocations
   878 | D        | Killed a cane toad
   878 | D        | Reached ****** piety under Makhleb
   880 | D        | Killed a cane toad
   881 | D        | Killed a black mamba
   882 | D        | Reached XP level 11. HP: 60/72 MP: 0/0
   882 | D        | Learned a level 4 spell: Fulminant Prism
   952 | D        | Reached skill level 13 in Spellcasting
  1268 | D        | Noticed an ettin
  1282 | D        | Slain by an ettin

Illustrated notes

Levels and vault maps discovered:
D:        linesprint [early_d, line_temple, items_1, d_10, items_2, lair_1,
          lair_end, items_3, orc_1, orc_end, items_4, d_15, swamp_1, shoals_1,
          snake_1, spider_1, d_20, vaults_1, items_5, swamp_end, shoals_end,
          snake_end, spider_end, vaults_end, d_27, items_6, zot_1, zot_end,
          crypt_end, forest_end, elf_end, slime_end, tomb_end, abyss_end,
          pan_hell_end]

Skill      XL: |  1  2  3  4  5  6  7  8  9 10 11 |
---------------+----------------------------------+-----
Spellcasting   | 3 4 5 7 9 10 11 12 13 | 13.3
Armour         | 1 2 3 4 5 7 8 9 10 11 | 11.0
Dodging        | 3 5 6 7 8 |  8.8
Invocations    | 1 2 3 4 5 7 9 10 | 10.8
Short Blades   | 1 2 3 4 5 7 |  7.0
Fighting       | 1 2 3 4 |  4.1
Evocations     | 1 3 4 5 |  5.7
Stealth        | |  1.8

Action                   |  1- 3 |  4- 6 |  7- 9 | 10-12 || total
-------------------------+-------+-------+-------+-------++-------
Melee: Short sword       |     9 |     8 |       |       ||    17
       Rapier            |       |       |     2 |       ||     2
 Cast: Shock             |     6 |     1 |    12 |    32 ||    51
       Swiftness         |       |     1 |       |       ||     1
       Static Discharge  |       |     1 |     7 |     4 ||    12
       Airstrike         |       |       |     2 |       ||     2
       Vampiric Draining |       |       |     1 |    19 ||    20
       Summon Lightning  |       |       |     1 |     3 ||     4
       Ensorcelled Hiber |       |       |     1 |       ||     1
Evoke: Wand              |       |     3 |     7 |       ||    10
  Use: Potion            |     2 |       |     1 |       ||     3
 Stab: Invisible         |       |       |     1 |       ||     1
Armor: Robe              |     2 |       |     5 |    17 ||    24
Dodge: Dodged            |     4 |     3 |    16 |    50 ||    73

Table legend: (Time is in decaauts)
 A = Elapsed time spent in this place.
 B = Non-inter-level travel time spent in this place.
 C = Inter-level travel time spent in this place.
 D = Time resting spent in this place.
 E = Time spent auto-exploring this place.
 F = Levels seen in this place.
 G = Mean time per level.
                   A        B        C        D        E       F      G
               +--------+--------+--------+--------+--------+-----+--------+
         Total |   1281 |   1281 |      0 |    533 |    336 |   1 | 1281.0 |
       Dungeon |   1281 |   1281 |      0 |    533 |    336 |   1 | 1281.0 |
               +--------+--------+--------+--------+--------+-----+--------+

Top non-repeatable levels by time:
       D: 1281 daAuts
